 Dungeon Crawl Stone Soup version 0.19.4-10-g532645f (webtiles) character file.

940 tof the Cudgeler (level 7, -8/61 HPs)
             Began as a Minotaur Fighter on Feb 25, 2017.
             Mangled by an orc warrior
             ... wielding a +0 halberd
              (9 damage)
             ... on level 6 of the Dungeon.
             The game lasted 00:11:16 (4064 turns).

tof the Cudgeler (Minotaur Fighter)                 Turns: 4064, Time: 00:11:16

Health: -8/61      AC: 13    Str: 25    XL:     7   Next: 88%
Magic:  6/6        EV:  5    Int:  5    God:
Gold:   240        SH: 10    Dex: 10    Spells: 0 memorised, 6 levels left

rFire  . . .     SeeInvis .     a - +0 flail
rCold  . . .     Gourm    .     g - +0 plate armour
rNeg   . . .     Faith    .     p - +0 shield
rPois  +         Spirit   .     (helmet restricted)
rElec  .         Reflect  .     (no cloak)
rCorr  .         Harm     .     (no gloves)
MR     .....                    b - +0 pair of boots
Stlth  ..........               x - amulet of magic regeneration
                                u - ring of poison resistance
                                E - +3 ring of strength

@: drained
A: retaliatory headbutt, horns 2
a: no special abilities


You were on level 6 of the Dungeon.
You were hungry.

You visited 1 branch of the dungeon, and saw 6 of its levels.

You collected 240 gold pieces.

Inventory:

Hand Weapons
 a - a +0 flail (weapon)
Armour
 b - a +0 pair of boots (worn)
 g - a +0 plate armour (worn)
 p - a +0 shield (worn)
Jewellery
 e - an uncursed ring of flight
 i - an uncursed amulet of guardian spirit
 u - a ring of poison resistance (right hand)
 x - an amulet of magic regeneration (around neck)
 E - a +3 ring of strength (left hand)
Wands
 q - a wand of slowing (17/48)
Scrolls
 j - 4 scrolls of remove curse {unknown}
 l - 7 scrolls of identify {unknown}
 m - 2 scrolls of fear {unknown}
 n - 2 scrolls of teleportation {unknown}
 o - a scroll of enchant armour {unknown}
 v - a scroll of random uselessness {unknown}
 y - 2 scrolls of recharging {unknown}
 B - a scroll of enchant weapon {unknown}
 D - a scroll of magic mapping {unknown}
 G - a scroll of noise {unknown}
Potions
 d - a potion of might
 h - a potion of mutation {unknown}
 k - a potion of brilliance {unknown}
 r - 4 potions of curing {unknown}
 s - 2 potions of flight {unknown}
 t - 2 potions of agility
 z - a potion of resistance {unknown}
 C - a potion of haste {unknown}
 F - a potion of cure mutation {unknown}
Books
 c - a book of Necromancy

   Spells                             Type                      Level
   a - Pain                           Necromancy                   1
   b - Animate Skeleton               Necromancy                   1
   c - Vampiric Draining              Necromancy                   3
   d - Regeneration                   Charms/Necromancy            3
   e - Animate Dead                   Necromancy                   4
   f - Control Undead                 Necromancy                   4
Comestibles
 f - 5 bread rations
 w - a slice of pizza
 A - 3 fruits


   Skills:
 + Level 5.4(4.9) Fighting
 + Level 7.2(6.7) Maces & Flails
 + Level 6.0(5.4) Armour
 + Level 1.6(1.2) Dodging
 + Level 0.3(0.0) Stealth
 + Level 6.0(5.5) Shields


You had 6 spell levels left.
You didn't know any spells.

Dungeon Overview and Level Annotations

Branches:
Dungeon (6/15)             Temple (0/1) D:6

Altars:


Innate Abilities, Weirdness & Mutations

You reflexively headbutt those who attack you in melee.
You have a pair of horns on your head.


Message History

The orc wizard casts a spell.
The orc wizard blinks!
Something hits you but does no damage. The orc wizard casts a spell at you.
The magic dart hits something.
The orc warrior barely misses you.
You closely miss something. Your headbutt misses something.
The orc warrior hits you from afar with a halberd!
* * * LOW HITPOINT WARNING * * *
Something hits you but does no damage.
You miss something. You block the orc warrior's attack.
Something hits you but does no damage.
You closely miss something.
The orc warrior hits you from afar with a halberd!
* * * LOW HITPOINT WARNING * * *
Something hits you but does no damage.
Your shield and plate armour prevent you from hitting something.
Your headbutt misses something.
You hear some strange, mumbled words.
Something tries to affect you, but you resist.
The orc warrior hits you from afar with a halberd!
You die...

#......#
#......#
###......# #
#..$.....# ..
#........#.##.
#(....)%......
#....oo.......
#####{######.#
#@# #.# #.# #
#.#####⌠.⌠
#.....#.>.
######.#####⌠.⌠
#......# #
#......#
#......#


You could see an orc warrior and an orc wizard.

Vanquished Creatures
  2 phantoms (D:5)
  2 ogres
  3 scorpions
  A crimson imp (D:5)
  A hound (D:4)
  An orc priest (D:6)
  Jessica (D:2)
  Ijyb (D:2)
  4 worker ants
  A hound zombie (D:5)
  A worker ant zombie (D:5)
  Robin (D:4)
  A howler monkey zombie (D:5)
  5 adders
  3 worms
  7 orcs
  5 bats
  4 giant cockroaches
  20 goblins
  12 hobgoblins
  9 jackals
  10 kobolds
  A ball python (D:5)
  9 frilled lizards
  A leopard gecko skeleton (D:4)
  A quokka skeleton (D:4)
  3 rats
110 creatures vanquished.

Notes
Turn   | Place    | Note
-------+----------+-------------------------------------------
     0 | D:1      | tof the Minotaur Fighter began the quest for the Orb.
     0 | D:1      | Reached XP level 1. HP: 19/19 MP: 0/0
   146 | D:1      | Reached XP level 2. HP: 21/27 MP: 1/1
   356 | D:1      | Reached XP level 3. HP: 33/33 MP: 2/2
   540 | D:1      | You fall through a shaft!
   996 | D:2      | Noticed Ijyb
  1003 | D:2      | Killed Ijyb
  1003 | D:2      | Reached skill level 3 in Maces & Flails
  1003 | D:2      | Reached skill level 1 in Dodging
  1003 | D:2      | Reached XP level 4. HP: 37/40 MP: 1/3
  1008 | D:2      | Noticed Jessica
  1011 | D:2      | Killed Jessica
  1671 | D:3      | Reached XP level 5. HP: 46/46 MP: 4/4
  2125 | D:4      | Reached skill level 4 in Maces & Flails
  2125 | D:4      | Reached skill level 5 in Shields
  2391 | D:4      | Noticed Robin
  2413 | D:4      | Killed Robin
  2776 | D:4      | Reached skill level 5 in Maces & Flails
  2776 | D:4      | Reached XP level 6. HP: 53/53 MP: 5/5
  2974 | D:5      | Entered Level 5 of the Dungeon
  3092 | D:5      | Reached skill level 5 in Armour
  3145 | D:5      | Reached skill level 6 in Maces & Flails
  3201 | D:5      | Reached XP level 7. HP: 8/60 MP: 6/6
  3258 | D:5      | Reached skill level 5 in Fighting
  3566 | D:5      | Reached skill level 7 in Maces & Flails
  4037 | D:6      | Found a staircase to the Ecumenical Temple.
  4063 | D:6      | HP: 1/61 [orc warrior/halberd (11)]
  4064 | D:6      | Mangled by an orc warrior

Skill      XL: |  1  2  3  4  5  6  7 |
---------------+----------------------+-----
Shields        | 4 5 6 |  6.0
Fighting       | 4 5 |  5.4
Armour         | 4 5 6 |  6.0
Maces & Flails | 3 5 6 7 |  7.2
Dodging        | 1 |  1.6
Stealth        | |  0.3

Action                   |  1- 3 |  4- 6 |  7- 9 || total
-------------------------+-------+-------+-------++-------
Melee: Flail             |   155 |   168 |    87 ||   410
       Headbutt          |    12 |    31 |    18 ||    61
  Eat: Chunk             |     1 |     7 |     2 ||    10
Armor: Scale mail        |    46 |       |       ||    46
       Plate armour      |    64 |    82 |    54 ||   200
Dodge: Dodged            |    53 |    35 |    24 ||   112
Block: Shield            |    81 |    74 |    51 ||   206
